 Dungeon Crawl Stone Soup version 0.28-b1-1-g3c77fb2ed1 (webtiles) character file.

Game seed: 9779040286985461861

1302 Duder the Basher (level 8, -1/71 HPs)
             Began as a Minotaur Berserker on Jan 30, 2022.
             Was a Believer of Trog.
             Slain by an ogre (21 damage)
             ... on level 5 of the Dungeon.
             The game lasted 00:10:22 (4635 turns).

Duder the Basher (Minotaur Berserker)               Turns: 4635, Time: 00:10:22

Health: -1/71      AC: 13    Str: 24    XL:     8   Next: 31%
Magic:  7/7        EV:  8    Int:  4    God:    Trog [**....]
Gold:   225        SH:  3    Dex: 10    Spells: 7/7 levels left

rFire   . . .      SeeInvis .   f - +0 whip (freeze)
rCold   . . .      Faith    .   i - +0 buckler
rNeg    . . .      Spirit   .   r - +0 plate armour
rPois   .          Reflect  .   (helmet restricted)
rElec   .          Harm     .   (no cloak)
rCorr   .          Rampage  .   (no gloves)
Will    ++...                   d - +0 pair of boots
Stlth   ..........              (no amulet)
HPRegen 1.21/turn               (no ring)
MPRegen 0.10/turn               (no ring)

@: strong-willed (expiring), on berserk cooldown, regenerating (expiring),
slowed, very slow
A: horns 2, retaliatory headbutt
a: Renounce Religion, Berserk, Trog's Hand


You were on level 5 of the Dungeon.
You worshipped Trog.
Trog was pleased with you.
You visited 1 branch of the dungeon, and saw 5 of its levels.

You collected 258 gold pieces.
You spent 33 gold pieces at shops.

Inventory:

Hand Weapons
 f - a +0 whip of freezing (weapon)
Missiles
 b - a boomerang
 m - 72 stones (quivered)
 n - 5 atropa-tipped darts
 p - a throwing net
 t - 11 poisoned darts
Armour
 d - a +0 pair of boots (worn)
 i - a +0 buckler (worn)
 q - a +0 scale mail
 r - a +0 plate armour (worn)
 w - the +1 leather armour of Kutippan {rPois rN+}
   (You found it on level 5 of the Dungeon)

   rPois:     It protects you from poison.
   rN:        It protects you from negative energy.
Wands
 B - a wand of digging (6)
Scrolls
 e - a scroll of fear {unknown}
 g - a scroll of amnesia {unknown}
 o - a scroll of brand weapon {unknown}
 s - a scroll of vulnerability {unknown}
 u - 2 scrolls of teleportation {unknown}
 v - a scroll of enchant armour {unknown}
 x - a scroll of acquirement {unknown}
 y - a scroll of identify
 A - a scroll of immolation {unknown}
 C - a scroll of holy word {unknown}
Potions
 a - a potion of ambrosia {unknown}
 c - 6 potions of curing
 h - a potion of resistance
 j - 3 potions of heal wounds
 k - 3 potions of degeneration
 l - 2 potions of might
 z - a potion of attraction {unknown}


   Skills:
 + Level 6.5 Fighting
 * Level 8.5 Maces & Flails
 + Level 5.8 Armour
 + Level 5.3 Dodging


You had 7 spell levels left.
You didn't know any spells.
Your spell library was empty.

Dungeon Overview and Level Annotations

Branches:
Dungeon (5/15)
 Temple: D:4-7

Altars:

Shops:
D:1 !   D:4 !

Annotations:
D:3 2 transporters, DemonSlayer's ghost, weakling DECj


Innate Abilities, Weirdness & Mutations

You have a pair of horns on your head.
You reflexively headbutt those who attack you in melee.


Message History

The killer bee is almost dead.
You whack the killer bee! You freeze the killer bee.
You kill the killer bee!
Trog accepts your kill.
You feel sick.
You feel sick.
You see here a killer bee corpse.
You feel a strong urge to attack something.
You are no longer berserk.
You are exhausted.
You feel yourself slow down.
You feel sick.
An ogre comes into view. It is wielding a +0 giant club.
You feel sick.
You are no longer poisoned.
Your skin crawls.
You feel strong-willed.
You hit the ogre. You freeze the ogre.
The ogre is lightly wounded.
The ogre hits you with a +0 giant club.
You hit the ogre. You freeze the ogre.
The ogre is heavily wounded.
The ogre barely misses you.
You barely miss the ogre.
The ogre is heavily wounded.
You hit the ogre. You freeze the ogre. You headbutt the ogre!
The ogre is almost dead.
You block the ogre's attack.
You barely miss the ogre. You headbutt the ogre.
The ogre is almost dead.
You feel the effects of Trog's Hand fading.
You block the ogre's attack.
You closely miss the ogre.
The ogre is almost dead.
The ogre hits you with a +0 giant club!
* * * LOW HITPOINT WARNING * * *
You hit the ogre but do no damage.
The ogre is almost dead.
The ogre hits you with a +0 giant club!!
You die...

#..# #..# #..#
#..## #...#
#.#.# #.#.#
##.## #.#.#
#######.....#
#.#.# #.†.@O..#
##.#.#
#.#######
...#.########.#
..............#
####.##########
####.# .....#
######


You could see an ogre.

Vanquished Creatures
  Eustachio (D:4)
  Edmund (D:5)
  A sky beast (D:5)
  An ice beast (D:4)
  An ogre (D:5)
  A kobold brigand (D:5)
  A phantom (D:4)
  2 bullfrogs (D:4)
  A water moccasin skeleton (D:4)
  4 killer bees (D:5)
  A hound (D:4)
  An orc priest (D:3)
  A centaur skeleton (D:4)
  2 iguanas
  An orc wizard (D:4)
  A hound skeleton (D:4)
  4 adders
  An adder skeleton (D:4)
  3 worms
  A dart slug (D:2)
  8 orcs
  9 ball pythons
  3 endoplasms (D:4)
  2 giant cockroaches
  5 goblins
  2 hobgoblins
  15 kobolds
  4 bats
  3 frilled lizards
  4 rats
85 creatures vanquished.

Notes
Turn   | Place    | Note
-------+----------+-------------------------------------------
     0 | D:1      | Duder the Minotaur Berserker began the quest for the Orb.
     0 | D:1      | Reached XP level 1. HP: 19/19 MP: 0/0
   279 | D:1      | Reached XP level 2. HP: 25/27 MP: 1/1
   343 | D:1      | Reached skill level 4 in Maces & Flails
   644 | D:1      | Found Ciniwuq's Distillery.
   660 | D:1      | Bought a potion of curing for 33 gold pieces
  1072 | D:2      | Found a faded altar of an unknown god.
  1203 | D:2      | Reached XP level 3. HP: 33/33 MP: 2/2
  1413 | D:2      | Reached ** piety under Trog
  2092 | D:3      | Reached XP level 4. HP: 27/40 MP: 3/3
  2129 | D:3      | Reached skill level 5 in Maces & Flails
  2561 | D:3      | Identified the +10 spear of Sojatou {vorpal, rN+}
  2586 | D:3      | Found a transporter.
  2586 | D:3      | Noticed an ogre
  2586 | D:3      | Noticed DemonSlayer's ghost (weakling DECj)
  2586 | D:3      | Noticed an ogre
  2587 | D:3      | Found a transporter.
  2587 | D:3      | Noticed an ogre
  2829 | D:4      | Reached XP level 5. HP: 26/47 MP: 4/4
  3150 | D:4      | Found Tebap's Distillery.
  3250 | D:4      | Reached XP level 6. HP: 55/55 MP: 5/5
  3288 | D:4      | Reached skill level 6 in Maces & Flails
  3301 | D:4      | Reached skill level 5 in Fighting
  3667 | D:4      | Noticed Eustachio
  3680 | D:4      | Killed Eustachio
  3681 | D:4      | Reached XP level 7. HP: 61/61 MP: 6/6
  3833 | D:4      | Reached skill level 7 in Maces & Flails
  3908 | D:4      | Reached skill level 5 in Armour
  3988 | D:5      | Entered Level 5 of the Dungeon
  4002 | D:5      | Identified the +1 leather armour of Kutippan {rPois rN+}
  4156 | D:5      | Noticed Edmund
  4185 | D:5      | Killed Edmund
  4186 | D:5      | Reached skill level 8 in Maces & Flails
  4186 | D:5      | Reached skill level 5 in Dodging
  4186 | D:5      | Reached XP level 8. HP: 21/70 MP: 7/7
  4609 | D:5      | Reached *** piety under Trog
  4635 | D:5      | Slain by an ogre

Illustrated notes

Levels and vault maps discovered:
D:1:      heliophobic_arrival_battle_scene, layout_basic, serial_shops,
          nicolae_shop_advertising_works [nicolae_subvault_shop_adworks]
D:2:      layout_loops_ring, shapermc_ecumenical_altar_venn
D:3:      layout_loops_ring, gammafunk_ghost_smash
D:4:      layout_gridville, serial_shops, shop_fountains, minmay_pentangle,
          uniq_eustachio
D:5:      layout_loops_ring, uniq_edmund

Skill      XL: |  1  2  3  4  5  6  7 |
---------------+----------------------+-----
Maces & Flails | 4 5 6 8 |  8.5
Fighting       | 4 5 6 |  6.5
Armour         | 3 4 5 |  5.8
Dodging        | 3 4 5 |  5.3

Action                   |  1- 3 |  4- 6 |  7- 9 || total
-------------------------+-------+-------+-------++-------
Melee: Mace              |    17 |       |       ||    17
       Whip              |    80 |   111 |   100 ||   291
       Headbutt          |    10 |    10 |    18 ||    38
Invok: Berserk           |       |     1 |     2 ||     3
       Trog's Hand       |       |       |     1 ||     1
  Use: Scroll            |     4 |       |       ||     4
Armor: Animal skin       |     5 |       |       ||     5
       Ring mail         |    18 |       |       ||    18
       Scale mail        |     2 |     1 |       ||     3
       Plate armour      |       |    53 |    35 ||    88
Dodge: Dodged            |    44 |    37 |    28 ||   109
Block: Buckler           |     4 |     8 |     9 ||    21
